 Dungeon Crawl Stone Soup version 0.19.1-1-g22dce08 (webtiles) character file.

74 Haldmier the Insei (level 4, -1/23 HPs)
             Began as a Vine Stalker Transmuter on Dec 31, 2016.
             Killed from afar by Sigmund (7 damage)
             ... with a puff of flame
             ... on level 3 of the Dungeon.
             The game lasted 00:06:39 (1997 turns).

Haldmier the Insei (Vine Stalker Transmuter)        Turns: 1997, Time: 00:06:40

Health: -1/23      AC:  2    Str: 13    XL:     4   Next: 28%
Magic:  0/8        EV: 19    Int: 14    God:
Gold:   129        SH:  0    Dex: 19    Spells: 3 memorised, 1 level left

rFire  . . .     SeeInvis .       - Unarmed
rCold  . . .     Gourm    .     (armour currently unavailable)
rNeg   . . .     Faith    .     (shield currently unavailable)
rPois  x         Spirit   +     (helmet currently unavailable)
rElec  .         Reflect  .     (cloak currently unavailable)
rCorr  .         Harm     .     (gloves currently unavailable)
MR     .....                    (boots currently unavailable)
Stlth  ++........               n - amulet of regeneration
                                (no ring)
                                (no ring)

@: spider-form (expiring), very slightly contaminated
A: (fangs 0), regeneration 1, magic shield, (antimagic bite), no device heal 3,
rot immunity
a: End Transformation


You were on level 3 of the Dungeon.
You were hungry.
You were a venomous arachnid creature.
You visited 1 branch of the dungeon, and saw 3 of its levels.

You collected 129 gold pieces.

Inventory:

Missiles
 a - 29 arrows
 g - 62 stones (quivered)
Armour
 b - a +0 robe (melded)
 i - a +0 pair of boots (melded)
 p - +0 pearl dragon scales
Jewellery
 j - an uncursed amulet of faith {unknown}
 n - an amulet of regeneration (around neck)
Scrolls
 e - 3 scrolls of identify {unknown}
 h - 2 scrolls of amnesia {unknown}
 m - a scroll of fear {unknown}
 q - a scroll of random uselessness {unknown}
 r - a scroll of fog {unknown}
 t - a scroll of teleportation {unknown}
 u - a scroll of remove curse {unknown}
Potions
 f - 2 potions of might {unknown}
 k - a potion of brilliance {unknown}
 l - a potion of agility {unknown}
 s - a potion of degeneration {unknown}
Books
 c - a book of Changes

   Spells                             Type                      Level
   a - Beastly Appendage              Transmutation                1
   b - Sticks to Snakes               Transmutation                2
   c - Spider Form                    Transmutation/Poison         3
   d - Ice Form                       Ice/Transmutation            4
   e - Blade Hands                    Transmutation                5
Comestibles
 d - 2 bread rations
 o - a slice of pizza
 v - 3 chunks of flesh


   Skills:
 + Level 1.7 Fighting
 - Level 1.5 Dodging
 * Level 4.1 Unarmed Combat
 - Level 2.1 Spellcasting
 + Level 2.6 Transmutations
 + Level 0.4 Poison Magic


You had one spell level left.
You knew the following spells:

 Your Spells              Type           Power        Failure   Level  Hunger
a - Beastly Appendage     Tmut           #.....       24%         1    #......
b - Sticks to Snakes      Tmut           #.......     32%         2    ###....
c - Spider Form           Tmut/Pois      #.........   61%         3    ###....


Dungeon Overview and Level Annotations

Branches:
Dungeon (3/15)

Altars:

Annotations:
D:3 Sigmund


Innate Abilities, Weirdness & Mutations

((You have extremely sharp teeth.))
Your natural rate of healing is unusually fast.
When hurt, damage is shared between your health and your magic reserves.
((Your bite disrupts and absorbs the magic of your enemies.))
Potions and wands cannot restore your health.
You are immune to rotting.


Message History

You now have 1/8 mp.
Your transformation is almost over.
Sigmund hits you from afar with a scythe!
Ouch! That really hurt!
You take 14 damage, and have 9/23 hp.
MASSIVE DAMAGE!!
You now have 0/8 mp.
You hit Sigmund.
Sigmund is poisoned.
Sigmund is lightly wounded.
Your adder bites Sigmund.
Sigmund casts a spell at you. The magic dart hits you!
* * * LOW HITPOINT WARNING * * *
You take 7 damage, and have 2/23 hp.
MASSIVE DAMAGE!!
Your adder bites Sigmund.
Sigmund misses you.
Your adder bites Sigmund.
Your adder bites Sigmund.
Sigmund looks even sicker.
Your adder poisons Sigmund!
Your adder bites Sigmund.
Sigmund looks as sick as possible!
Your adder poisons Sigmund!
Sigmund gestures at you while chanting. The puff of flame hits you!
You die...

###.#.#..#
#..#.#..#
#...#.#..##
#..#.#..#
#.#..r.<..#
#..#.#..#
#.#.#.##..##
#..#.#..#
#.#.#.###..#
#..#.#..# #.#.#.#
#..##
#..#.#..######
#.#.#.# ##..#
#..#.#......<#
#.#.#.#
#..###..#.##.....##
....#.#
#.>....s..@S.###.#
#.....#
######..#.##.# #.#
####### #.#....#.#
#.# #.....##.# #.#
#.#.#.##.# #.#
#.#.#.##.# #.#
#.#.#.##.# #.#
..#.##.# #.# #
#h##.# #.#


You could see Sigmund and a friendly adder.

Vanquished Creatures
  2 adders (D:2)
  An ooze (D:3)
  A worm (D:2)
  3 leopard geckos
  2 giant cockroaches
  2 goblins (D:1)
  3 hobgoblins
  10 jackals
  A ball python (D:3)
  5 bats
  5 frilled lizards
  3 kobolds
  7 rats
45 creatures vanquished.

Notes
Turn   | Place    | Note
-------+----------+-------------------------------------------
     0 | D:1      | Haldmier the Vine Stalker Transmuter began the quest for the Orb.
     0 | D:1      | Reached XP level 1. HP: 9/9 MP: 4/4
    45 | D:1      | Reached skill level 1 in Fighting
   274 | D:1      | Reached XP level 2. HP: 4/14 MP: 1/6
   511 | D:1      | Learned a level 2 spell: Sticks to Snakes
   885 | D:2      | Reached XP level 3. HP: 13/18 MP: 5/7
   922 | D:2      | Learned a level 3 spell: Spider Form
  1269 | D:2      | Reached skill level 4 in Unarmed Combat
  1480 | D:3      | Gained mutation: Your natural rate of healing is unusually fast. [Vine Stalker growth]
  1480 | D:3      | Reached XP level 4. HP: 23/23 MP: 8/8
  1826 | D:3      | Noticed Sigmund
  1997 | D:3      | Killed from afar by Sigmund

Skill      XL: |  1  2  3 |
---------------+----------+-----
Fighting       | 1 |  1.7
Unarmed Combat | 4 |  4.1
Dodging        | |  1.5
Spellcasting   | |  2.1
Transmutations | |  2.6
Poison Magic   | |  0.4

Action                   |  1- 3 |  4- 6 || total
-------------------------+-------+-------++-------
Melee: Unarmed           |    92 |    40 ||   132
       Headbutt          |    14 |     2 ||    16
       Bite              |    15 |    10 ||    25
       Kick              |     2 |       ||     2
       Punch             |     1 |     1 ||     2
Throw: Stone             |     1 |       ||     1
 Cast: Beastly Appendage |    24 |     8 ||    32
       Spider Form       |       |     2 ||     2
       Sticks to Snakes  |       |     2 ||     2
  Eat: Chunk             |     2 |     2 ||     4
Armor: Robe              |    20 |    22 ||    42
Dodge: Dodged            |    57 |    44 ||   101
